Map: Arctic Dream LE

Players

eulerO - Winner!

  • Race: Terran Terran
  • League: Diamond
  • Spawn Location: 5:00

Wizzysk - Winner!

  • Race: Zerg Zerg
  • Spawn Location: 6:00

Massa

  • Race: Terran Terran
  • League: Platinum
  • Spawn Location: 12:00

qqq

  • Race: Protoss Protoss
  • League: Platinum
  • Spawn Location: 11:00

VOD

Have the link to the VOD?

Description

Time

  • Played on: Jan. 1, 2021, 3:21 p.m.
  • Length: 18:46
Show
View Real Time Build Order
Export as new Build Order

eulerO Terran - Winner!

Build Orders: Reaper Expand 

Get SALT Encoding   

  12  0:00  SCV  
  13  0:12  SCV  
  14  0:17  Supply Depot  
  14  0:24  SCV  
  15  0:40  Barracks  
  15  0:41  SCV  
  16  0:47  Refinery  
  16  0:53  SCV  
  17  1:05  SCV  
  18  1:17  SCV  
  19  1:32  Reaper  
  21  1:37  Orbital Command  
  20  1:47  Command Center  
  20  1:55  Barracks  
  20  2:05  SCV  
  20  2:07  Barracks Reactor  
  21  2:14  Supply Depot  
  21  2:17  SCV  
  22  2:26  Refinery  
  22  2:29  SCV  
  23  2:38  Factory  
  23  2:43  Marine x2  
  25  2:44  Barracks Tech Lab  
  25  2:46  SCV  
  26  2:58  SCV  
  27  3:02  Marine  
  27  3:03  Marine x2  
  30  3:09  SCV  
  30  3:10  SCV  
  30  3:11  Stimpack  
  31  3:20  Marine  
  33  3:27  Starport  
  33  3:29  Orbital Command  
  33  3:31  Factory Reactor  
  33  3:33  SCV  
  33  3:39  Marine x2  
  35  3:41  Marine  
  35  3:45  SCV  
  37  3:57  SCV  
  37  4:01  Supply Depot  
  38  4:03  SCV  
  38  4:09  SCV  
  40  4:15  SCV, Marine x3  
  44  4:21  SCV  
  44  4:22  Medivac x2  
  49  4:25  Supply Depot  
  49  4:27  SCV  
  49  4:30  Factory Tech Lab  
  50  4:33  SCV, Marine  
  52  4:39  Marine x2  
  54  4:47  SCV  
  54  4:50  Marine, Combat Shield  
  56  4:53  Siege Tank  
  56  4:57  Marine x2  
  61  5:04  SCV, Command Center  
  62  5:11  Supply Depot  
  62  5:13  Refinery x2  
  62  5:33  SCV  
  63  5:36  SCV  
  63  5:37  Medivac x2  
  63  5:38  Marine x2  
  70  5:46  Barracks  
  70  5:47  Supply Depot x2  
  70  5:50  Barracks, Supply Depot  
  70  5:51  Barracks  
  70  6:08  Marine x3  
  70  6:09  SCV  
  74  6:15  Engineering Bay  
  74  6:17  Engineering Bay  
  58  6:26  Marine x2  
  58  6:29  Marine  
  58  6:31  Siege Tank  
  58  6:32  Medivac x2  
  68  6:33  SCV x2  
  69  6:44  Marine x2  
  68  6:47  Barracks Reactor, Marine  
  68  6:49  Orbital Command  
  67  6:55  Barracks Reactor x2  
  67  6:58  Terran Infantry Weapons Level 1  
  67  6:59  SCV  
  68  7:02  Marine x2  
  68  7:03  SCV  
  68  7:05  Terran Infantry Armor Level 1  
  71  7:11  SCV  
  71  7:15  SCV  
  73  7:18  Missile Turret  
  73  7:19  Missile Turret  
  73  7:20  Marine x3  
  76  7:23  SCV  
  76  7:26  Missile Turret  
  76  7:27  SCV  
  78  7:30  Marine  
  78  7:31  Marine x5  
  78  7:35  SCV  
  84  7:38  Marine x3  
  84  7:39  SCV  
  73  7:48  Marine x2  
  73  7:49  Marine x4  
  73  7:50  Medivac, Siege Tank  
  84  7:55  Marine  
  84  7:56  Marine x2  
  78  8:06  Marine x3  
  78  8:07  Marine x3  
  84  8:13  Marine x2  
  84  8:14  Marine  
  84  8:16  Supply Depot  
  84  8:17  Supply Depot  
  84  8:19  Supply Depot  
  87  8:24  Marine x4  
  87  8:25  Marine x2  
  87  8:35  Marine x3  
  88  8:46  Marine x6  
  88  8:47  Orbital Command  
  94  8:49  Medivac x2  
  94  8:52  Marine  
  94  8:53  Marine x2  
  101  8:57  Siege Tank  
  101  9:02  Armory  
  104  9:04  Marine x3  
  102  9:22  Marine  
  102  9:23  Marine x2  
  74  9:34  Marine x4  
  74  9:35  Marine x2  
  74  9:37  Medivac x2, Siege Tank  
  86  9:39  SCV  
  86  9:40  Marine x2  
  86  9:41  Marine  
  90  9:50  Terran Infantry Armor Level 2, Terran Infantry Weapons Level 2  
  90  9:52  SCV  
  91  9:58  Refinery  
  91  10:05  Marine x4  
  91  10:06  Marine x4  
  99  10:08  SCV  
  99  10:10  Command Center  
  100  10:15  SCV  
  100  10:20  SCV x2  
  100  10:21  Refinery  
  103  10:28  SCV  
  103  10:30  Barracks x2  
  103  10:32  Barracks  
  104  10:38  Medivac x2, Ghost Academy  
  104  10:41  Marine x5  
  104  10:42  Marine x4  
  117  10:44  Thor  
  117  10:45  SCV x2  
  125  10:58  Factory  
  125  10:59  Factory, Marine x3  
  125  11:00  SCV  
  129  11:08  Marine  
  129  11:09  Marine x3  
  133  11:21  Marine x5  
  138  11:26  Marine x4  
  141  11:39  Marine x5  
  126  11:44  Marine x3  
  112  11:47  Marine  
  111  11:57  Marine x5  
  111  11:58  Factory Reactor x2  
  111  11:59  Drilling Claws  
  115  12:01  Marine  
  115  12:02  Marine x2, Command Center  
  115  12:05  Marine  
  115  12:06  Terran Infantry Weapons Level 3  
  115  12:07  Terran Infantry Armor Level 3  
  119  12:09  Barracks Reactor x3  
  119  12:15  Marine x5  
  124  12:19  Marine  
  124  12:20  Marine x2, Supply Depot  
  124  12:22  Supply Depot  
  127  12:29  Supply Depot  
  127  12:36  Marine x4  
  127  12:37  Marine x3  
  131  12:38  Marine x2  
  131  12:40  Thor  
  142  12:45  Planetary Fortress  
  142  12:51  Marine  
  142  12:52  Marine x5  
  142  12:54  Marine x6  
  153  13:07  Marine x3  
  153  13:09  Marine  
  153  13:10  Marine x2  
  159  13:21  Marine x2  
  159  13:22  Marine x7  
  159  13:23  Thor  
  159  13:25  Orbital Command, Marine x3  
  177  13:27  Marine  
  178  13:34  Marine  
  178  13:35  Marine  
  178  13:39  Marine  
  178  13:40  Sensor Tower  
  179  13:57  Marine  
  179  13:58  Marine x6  
  179  14:00  Marine  
  187  14:04  Marine x3  
  187  14:05  Marine x2  
  183  14:13  Thor  
  183  14:15  Marine  
  168  14:39  Marine x2  
  168  14:43  Marine x5  
  168  14:44  Marine x3  
  152  14:56  Widow Mine x5  
  152  14:57  SCV x3, Command Center  
  165  15:11  Marine x12  
  177  15:17  Widow Mine  
  179  15:22  Starport  
  179  15:27  Starport, Terran Vehicle Weapons Level 1  
  179  15:28  Starport  
  179  15:34  Starport  
  179  15:37  SCV x3  
  179  15:41  Refinery  
  182  15:44  Refinery  
  182  15:55  Refinery  
  182  15:58  Refinery  
  173  16:20  Marine  
  173  16:21  Marine x12  
  181  16:38  Marine  
  181  16:39  Marine x9  
  173  17:06  Marine x11  
  176  17:11  Planetary Fortress  
  169  17:15  Medivac x2  
  169  17:18  Starport Reactor x4  
  173  17:24  Marine x11  
  184  17:41  Marine  
  184  17:42  Marine x10  
  195  17:45  Medivac x2  
  195  17:49  Starport Tech Lab  
  191  17:59  Marine  
  191  18:00  Marine x8  
Show
View Real Time Build Order
Export as new Build Order

Wizzysk Zerg - Winner!

Build Orders: Hatch First 

Get SALT Encoding   

  12  0:00  Drone  
  13  0:13  Overlord  
  13  0:19  Drone  
  14  0:35  Drone x2  
  14  0:36  Drone  
  17  0:56  Hatchery  
  17  0:57  Drone  
  17  0:59  Drone  
  18  1:10  Extractor  
  17  1:15  Spawning Pool  
  17  1:17  Drone  
  17  1:23  Drone  
  18  1:32  Drone  
  19  1:42  Drone  
  20  1:52  Drone  
  21  2:02  Overlord  
  21  2:07  Queen  
  21  2:08  Queen  
  25  2:11  Drone  
  25  2:15  Drone  
  27  2:35  Drone x2  
  29  2:39  Extractor, Metabolic Boost  
  29  2:42  Drone x3  
  31  2:50  Overlord  
  31  3:11  Drone x4  
  35  3:17  Lair  
  35  3:23  Zergling x2  
  35  3:24  Zergling x12, Evolution Chamber  
  41  3:36  Drone x2  
  41  3:40  Hatchery  
  42  3:45  Drone x2, Roach Warren  
  43  3:51  Zerg Ground Armor Level 1  
  43  3:55  Drone  
  44  3:57  Overlord  
  44  4:06  Extractor  
  44  4:08  Extractor  
  43  4:10  Drone x2  
  43  4:11  Spore Crawler  
  43  4:15  Spore Crawler  
  42  4:25  Glial Reconstitution  
  42  4:32  Zergling x8  
  42  4:33  Zergling x10  
  51  4:42  Evolution Chamber  
  50  4:46  Spore Crawler  
  50  4:50  Overlord  
  50  4:51  Overlord  
  49  5:00  Spire  
  49  5:02  Drone x2  
  50  5:07  Overlord  
  50  5:09  Overlord  
  50  5:17  Queen  
  52  5:27  Drone  
  52  5:28  Drone x4  
  56  5:32  Drone  
  56  5:35  Drone  
  59  5:49  Drone x5  
  62  6:02  Drone x6  
  62  6:03  Drone  
  65  6:15  Drone  
  65  6:16  Drone x6  
  72  6:30  Drone  
  72  6:31  Drone x3  
  73  6:33  Zerg Flyer Weapons Level 1  
  73  6:39  Zerg Melee Weapons Level 1  
  70  6:41  Baneling Nest  
  70  6:46  Zergling x10  
  70  6:58  Extractor  
  70  7:01  Zergling x2  
  70  7:02  Extractor, Zergling x6  
  72  7:09  Zerg Ground Armor Level 2  
  72  7:11  Overlord x3  
  72  7:13  Pneumatized Carapace  
  72  7:27  Baneling x3  
  72  7:31  Zergling x4  
  72  7:32  Zergling x16  
  75  7:37  Queen  
  75  7:42  Spore Crawler  
  75  7:43  Spore Crawler  
  71  7:45  Spore Crawler  
  65  7:52  Baneling x8  
  65  7:53  Baneling x3  
  65  7:54  Zergling x2  
  65  7:55  Zergling x16  
  67  8:03  Corruptor x2  
  67  8:04  Corruptor, Overlord  
  71  8:11  Corruptor  
  73  8:18  Corruptor x2  
  75  8:24  Overseer  
  75  8:33  Corruptor x2  
  79  8:38  Drone  
  80  8:45  Centrifical Hooks  
  78  8:57  Hatchery  
  60  9:19  Corruptor  
  60  9:20  Corruptor x3  
  68  9:24  Drone x2  
  68  9:25  Drone x2  
  72  9:44  Corruptor  
  74  9:46  Drone  
  74  9:47  Drone x3  
  78  9:54  Zerg Flyer Armor Level 1  
  78  10:12  Drone  
  78  10:13  Drone x5  
  84  10:17  Hatchery  
  83  10:26  Zerg Melee Weapons Level 2, Infestation Pit  
  82  10:37  Zergling x2  
  82  10:38  Zergling x16  
  82  10:40  Queen  
  82  10:42  Extractor  
  92  10:45  Drone x3  
  95  11:03  Hive  
  95  11:05  Overlord  
  95  11:06  Overlord  
  95  11:11  Baneling x6  
  95  11:12  Hatchery, Baneling x3  
  95  11:13  Baneling  
  94  11:22  Drone  
  94  11:23  Drone x4  
  94  11:24  Overlord  
  99  11:34  Zergling x4  
  99  11:35  Zergling x12  
  99  11:38  Queen  
  109  11:53  Zergling x2  
  109  11:54  Zergling x16  
  109  12:05  Zergling x2  
  109  12:06  Zergling x16  
  104  12:31  Drone x9  
  104  12:37  Baneling x11  
  113  12:38  Baneling x24  
  113  12:47  Corruptor  
  113  12:48  Corruptor  
  103  13:01  Corruptor x4  
  105  13:07  Queen  
  107  13:17  Zerg Melee Weapons Level 3  
  107  13:19  Ultralisk Cavern, Adrenal Glands  
  106  13:25  Drone x6  
  106  13:26  Drone  
  113  13:36  Drone x3  
  113  13:38  Zergling x2  
  113  13:39  Zergling x14  
  117  13:48  Corruptor  
  117  13:49  Corruptor x2  
  121  13:59  Drone  
  89  14:13  Zergling x6  
  89  14:14  Zergling x24  
  97  14:26  Extractor  
  97  14:27  Extractor  
  95  14:33  Corruptor  
  95  14:34  Corruptor x2  
  95  14:35  Corruptor  
  95  14:36  Hatchery  
  102  14:45  Drone x2  
  103  14:46  Drone x4  
  103  14:51  Zerg Flyer Weapons Level 2  
  108  14:58  Zergling x2  
  108  14:59  Zergling x16  
  108  15:06  Corruptor x2  
  104  15:24  Hatchery  
  104  15:26  Corruptor  
  104  15:27  Corruptor x2  
  109  15:35  Extractor  
  108  15:36  Extractor  
  108  15:37  Baneling x3  
  107  15:44  Drone x9  
  107  15:45  Drone x3  
  117  15:52  Corruptor  
  117  15:53  Corruptor  
  118  16:01  Corruptor  
  118  16:02  Corruptor x2  
  108  16:18  Corruptor x4  
  100  16:19  Corruptor  
  106  16:37  Corruptor x4  
  106  16:38  Corruptor  
  102  16:49  Zergling x2  
  102  16:50  Zergling x6  
  102  16:52  Ultralisk  
  104  17:03  Corruptor x2  
  96  17:26  Ultralisk  
  96  17:27  Hatchery  
  83  17:43  Zergling x2  
  83  17:44  Zergling x16  
  86  17:50  Drone x3  
  90  18:17  Hatchery  
  90  18:19  Hatchery  
  88  18:26  Baneling  
  88  18:27  Baneling x3  
Show
View Real Time Build Order
Export as new Build Order

Massa Terran 

Build Orders:  

Get SALT Encoding   

  12  0:00  SCV  
  13  0:12  SCV  
  14  0:17  Supply Depot  
  14  0:25  SCV  
  15  0:39  SCV  
  15  0:40  Barracks  
  16  0:45  Supply Depot  
  16  0:51  SCV  
  17  0:59  Refinery  
  17  1:03  SCV  
  18  1:15  SCV  
  19  1:27  SCV  
  21  1:39  SCV  
  21  1:43  Reaper  
  21  1:46  Command Center  
  22  1:51  Orbital Command  
  22  2:11  Barracks  
  22  2:18  Barracks Tech Lab  
  22  2:20  SCV  
  23  2:26  Supply Depot  
  23  2:27  Refinery  
  23  2:31  Factory  
  23  2:37  Marine  
  23  2:39  SCV  
  25  2:51  SCV  
  25  2:55  Marine  
  25  2:57  Marine  
  28  3:01  Orbital Command  
  28  3:04  SCV  
  29  3:13  Marine  
  29  3:15  Marine  
  29  3:16  Starport, SCV  
  29  3:17  Factory Tech Lab  
  32  3:28  Stimpack  
  32  3:30  SCV x2  
  32  3:31  Marine  
  32  3:33  Marine  
  36  3:36  Supply Depot  
  36  3:42  SCV  
  36  3:47  Widow Mine  
  39  3:49  Marine  
  39  3:51  Marine  
  39  3:52  Medivac  
  43  4:00  Engineering Bay  
  43  4:05  Barracks  
  43  4:09  Siege Tank  
  46  4:10  SCV x2  
  46  4:16  Marauder, Marine  
  51  4:22  SCV x2, Starport Tech Lab  
  53  4:31  Refinery  
  53  4:34  Missile Turret  
  53  4:38  Missile Turret  
  53  4:51  Terran Infantry Weapons Level 1  
  53  4:55  Command Center  
  53  5:01  SCV x2  
  55  5:13  Barracks Reactor, Barracks Tech Lab, SCV x2  
  57  5:18  Raven  
  59  5:23  Marauder  
  59  5:27  SCV  
  62  5:33  Supply Depot  
  62  5:34  Supply Depot  
  62  5:40  Supply Depot  
  62  5:41  Supply Depot  
  62  5:53  Missile Turret  
  62  5:54  SCV x2  
  62  5:56  Sensor Tower  
  64  6:02  Widow Mine  
  66  6:06  SCV  
  66  6:10  Marauder x2, Marine x2  
  73  6:27  Marine  
  73  6:31  SCV, Marauder  
  76  6:58  Marauder x2, Marine x2  
  82  7:10  SCV x2  
  84  7:16  Marine x2  
  84  7:17  Missile Turret  
  84  7:19  Terran Infantry Armor Level 1, Marauder x2  
  84  7:22  SCV x2  
  92  7:24  Armory  
  92  7:34  SCV x2, Marine x2  
  96  7:39  Missile Turret  
  96  7:40  Marine  
  90  7:48  Medivac  
  77  8:01  Missile Turret  
  77  8:04  Marauder x2, Marine x2  
  77  8:08  Combat Shield  
  77  8:12  Siege Tank  
  80  8:18  Medivac  
  82  8:21  Marine  
  82  8:25  Marauder x2  
  77  8:42  Marine x2  
  77  8:44  Siege Tank  
  77  8:46  Marauder x2  
  77  8:48  Medivac  
  88  8:49  Refinery  
  88  8:50  Refinery  
  88  8:53  Barracks  
  88  8:54  Barracks  
  85  9:00  Marine x2  
  87  9:08  Marauder x2  
  90  9:17  Marine  
  90  9:18  Marine, Medivac  
  91  9:27  Concussive Shells  
  91  9:29  Marauder x2  
  95  9:35  Marine  
  95  9:36  Marine  
  97  9:50  Marine x2  
  99  9:53  Marine  
  99  9:54  Raven, Marine  
  99  9:58  Barracks Reactor, Barracks Tech Lab  
  103  10:01  Siege Tank  
  103  10:06  Planetary Fortress  
  106  10:07  SCV x2  
  106  10:08  Marine  
  109  10:18  Supply Depot x2  
  109  10:19  Supply Depot  
  109  10:20  Refinery, Terran Infantry Weapons Level 2  
  109  10:21  Supply Depot, Terran Vehicle Weapons Level 1  
  109  10:39  SCV x2, Marauder x2, Marine x5, Siege Tank  
  109  10:41  Medivac  
  125  10:44  Supply Depot  
  125  10:45  Supply Depot  
  125  10:48  Supply Depot x2  
  125  10:52  SCV x2  
  127  10:57  Marauder, Marine x4  
  127  11:01  Marauder x2  
  127  11:04  SCV x2  
  139  11:08  SCV, Supply Depot  
  140  11:13  Supply Depot  
  140  11:14  Supply Depot  
  140  11:15  Marine x4  
  140  11:16  SCV x2  
  146  11:19  Marauder  
  146  11:20  SCV  
  146  11:22  Marauder, Marine  
  152  11:28  SCV x2  
  152  11:31  Command Center  
  152  11:32  SCV  
  108  11:49  SCV  
  108  11:50  SCV x2  
  111  12:00  Marauder x3, Marine  
  109  12:02  SCV x3  
  112  12:08  Missile Turret  
  112  12:10  Missile Turret  
  112  12:12  Missile Turret  
  112  12:13  Medivac  
  112  12:14  SCV, Marine  
  112  12:15  Marine x2  
  118  12:18  Marine  
  118  12:21  Marine x3  
  122  12:32  Marine, Missile Turret x2  
  122  12:33  Marine x2, Missile Turret  
  122  12:36  Marine  
  126  12:39  Marine x3  
  126  12:41  Missile Turret  
  126  12:43  Command Center, Medivac  
  131  12:50  Marine x2  
  133  12:54  Missile Turret  
  133  12:57  Marauder x3  
  139  13:00  Planetary Fortress  
  131  13:11  Missile Turret  
  127  13:15  Missile Turret  
  125  13:22  Terran Infantry Weapons Level 3  
  125  13:23  Terran Vehicle Weapons Level 2  
  125  13:28  Engineering Bay  
  124  13:45  Command Center  
  124  13:51  Marine  
  124  13:52  Marine x2  
  124  13:53  Marauder, Marine  
  124  13:54  Marauder x2, Siege Tank  
  129  14:09  Marine  
  120  14:10  Marine x2  
  120  14:15  Marauder x3  
  96  14:26  Siege Tank  
  99  14:31  Medivac  
  99  14:33  Marine  
  99  14:34  Marine  
  99  14:36  Marauder x2  
  99  14:37  Marauder  
  109  14:55  Factory  
  109  14:58  Marauder x3, Siege Tank, Factory  
  113  15:01  Medivac  
  115  15:19  Marauder  
  117  15:26  Marauder x2, Marine x2  
  123  15:30  Siege Tank  
  123  15:31  Medivac  
  123  15:34  Command Center  
  128  15:40  Marauder  
  130  16:03  Siege Tank  
  133  16:11  Factory Tech Lab  
  131  16:12  Factory Tech Lab  
  131  16:15  Marauder  
  131  16:16  Marauder x2, Marine  
  122  16:35  Siege Tank  
  122  16:37  Marauder x2  
  106  16:58  Marauder  
  106  16:59  Marauder  
  89  17:04  Marine  
  89  17:07  Siege Tank  
  86  17:12  Refinery  
  83  17:20  Marauder x2  
  83  17:22  Factory  
  87  17:30  Command Center  
  87  17:39  Siege Tank  
  87  17:41  Marauder x2  
  94  17:45  Raven  
  96  18:02  Marauder  
  96  18:03  Marauder  
  100  18:11  Siege Tank  
  103  18:15  SCV x2  
  103  18:19  Orbital Command  
  106  18:27  SCV  
Show
View Real Time Build Order
Export as new Build Order

qqq Protoss 

Build Orders: 1 Gate Expand, Carriers 

Get SALT Encoding   

  12  0:02  Probe  
  13  0:14  Pylon  
  13  0:19  Probe  
  14  0:31  Probe  
  15  0:38  Gateway  
  15  0:44  Pylon  
  15  0:56  Probe  
  16  1:08  Probe  
  17  1:20  Probe  
  18  1:34  Probe, Nexus  
  19  1:43  Cybernetics Core  
  19  1:49  Assimilator  
  19  1:54  Assimilator  
  19  1:57  Probe  
  20  2:11  Assimilator  
  20  2:13  Probe (Chrono Boost)  
  20  2:26  Probe (Chrono Boost)  
  21  2:31  Stalker (Chrono Boost)  
  21  2:33  Probe (Chrono Boost)  
  24  2:40  Probe, Pylon  
  25  2:46  Probe  
  26  2:52  Probe  
  26  2:58  Probe  
  28  3:04  Probe  
  29  3:10  Probe  
  29  3:12  Stargate  
  30  3:16  Probe  
  30  3:17  Assimilator  
  31  3:21  Assimilator  
  31  3:22  Probe  
  32  3:28  Probe  
  32  3:33  Stargate  
  33  3:34  Probe  
  33  3:40  Probe  
  35  3:46  Probe  
  36  3:50  Pylon  
  36  3:52  Probe, Pylon  
  37  3:58  Probe (Chrono Boost)  
  37  4:02  Phoenix  
  40  4:05  Probe (Chrono Boost)  
  42  4:11  Probe (Chrono Boost)  
  42  4:15  Probe (Chrono Boost)  
  42  4:17  Probe (Chrono Boost)  
  43  4:22  Fleet Beacon  
  43  4:23  Pylon  
  44  4:26  Phoenix  
  46  4:37  Phoenix  
  48  4:43  Probe x2  
  50  4:47  Void Ray  
  50  4:48  Stalker  
  51  4:55  Probe  
  56  5:01  Forge  
  56  5:27  Nexus  
  56  5:30  Carrier (Chrono Boost), Pylon  
  56  5:34  Pylon  
  62  5:37  Probe  
  63  5:49  Probe  
  67  6:05  Carrier (Chrono Boost)  
  26  6:53  Probe (Chrono Boost)  
  27  6:58  Probe (Chrono Boost)  
  28  7:05  Probe (Chrono Boost)  
  28  7:08  Carrier  
  36  7:10  Probe (Chrono Boost)  
  36  7:13  Probe (Chrono Boost), Carrier  
  36  7:15  Probe (Chrono Boost)  
  43  7:19  Probe  
  45  7:24  Probe  
  46  7:31  Probe  
  46  7:36  Probe  
  48  7:43  Probe  
  49  7:48  Probe  
  50  7:55  Probe  
  51  8:00  Probe  
  52  8:08  Probe  
  52  8:12  Probe  
  54  8:20  Probe  
  54  8:24  Probe  
  56  8:32  Probe  
  53  8:36  Probe  
  49  8:48  Probe  
  49  9:02  Void Ray x2  
  57  9:10  Nexus  
  57  9:13  Pylon  
  57  9:17  Pylon  
  57  9:39  Void Ray  
  57  9:43  Void Ray  
  55  9:51  Probe  
  60  10:03  Probe, Stargate  
  61  10:15  Probe (Chrono Boost), Protoss Air Weapons Level 1 (Chrono Boost)  
  62  10:27  Probe (Chrono Boost)  
  63  10:32  Probe (Chrono Boost)  
  63  10:34  Probe (Chrono Boost)  
  65  10:41  Probe, Void Ray  
  66  10:46  Probe  
  71  10:53  Probe  
  72  10:57  Photon Cannon  
  72  10:58  Probe  
  72  10:59  Void Ray  
  73  11:05  Probe  
  73  11:07  Void Ray  
  73  11:10  Probe  
  79  11:18  Probe, Void Ray  
  88  11:35  Robotics Facility  
  88  11:46  Void Ray x2  
  96  12:00  Void Ray  
  96  12:07  Protoss Air Armor Level 1 (Chrono Boost)  
  84  12:23  Void Ray x2  
  92  12:34  Photon Cannon  
  92  12:36  Shield Battery  
  92  12:43  Carrier  
  98  12:52  Nexus  
  98  12:53  Pylon  
  88  13:04  Probe x2  
  90  13:06  Carrier  
  96  13:12  Assimilator  
  96  13:15  Assimilator  
  96  13:17  Probe  
  97  13:22  Photon Cannon  
  97  13:25  Carrier  
  97  13:26  Pylon  
  103  13:29  Probe  
  103  13:32  Flux Vanes  
  104  13:37  Observer  
  104  13:41  Probe  
  105  14:20  Photon Cannon  
  105  14:22  Photon Cannon  
  105  14:24  Photon Cannon  
  105  14:27  Pylon  
  105  14:28  Pylon  
  105  14:31  Pylon  
  99  14:32  Pylon  
  99  14:33  Pylon  
  85  14:49  Probe, Carrier (Chrono Boost)  
  85  14:52  Gateway  
  92  15:00  Carrier (Chrono Boost)  
  92  15:01  Probe  
  99  15:13  Probe  
  100  15:25  Probe  
  101  15:36  Observer  
  101  15:37  Probe  
  101  15:40  Nexus  
  101  15:42  Pylon  
  103  15:46  Pylon, Cybernetics Core  
  103  15:49  Probe  
  104  15:55  Carrier (Chrono Boost)  
  104  15:59  Carrier  
  104  16:31  Stargate  
  104  16:34  Stargate  
  98  16:57  Tempest  
  103  17:03  Carrier  
  97  17:38  Void Ray x2  
  97  17:40  Carrier  
  97  17:41  Photon Cannon  
Tags
 
Add a new tag
Caveats
  • Supply blocks, unpowered buildings, or Contaminate may cause inaccurate times.
  • Supply counts are checked every 10 seconds.